 Dungeon Crawl Stone Soup version 0.21.1-1-g345015f (webtiles) character file.

25 4thArraOfDagon the Grave Robber (level 3, -3/24 HPs)
             Began as a Formicid Necromancer on Feb 5, 2018.
             Slain by a sky beast (6 damage)
             ... on level 6 of the Dungeon.
             The game lasted 00:02:42 (465 turns).

4thArraOfDagon the Grave Robber (FoNe)               Turns: 465, Time: 00:02:42

Health: -3/24      AC:  5    Str: 12    XL:     3   Next: 17%
Magic:  0/7        EV: 10    Int: 15    God:
Gold:   35         SH:  0    Dex: 11    Spells: 3/7 levels left

rFire    . . .     SeeInvis +   d - +0 spear
rCold    . . .     Gourm    .   (no shield)
rNeg     . . .     Faith    .   j - +0 ring mail
rPois    .         Spirit   .   (helmet unavailable)
rElec    .         Reflect  .   (no cloak)
rCorr    +         Harm     .   (no gloves)
MR       .....                  (no boots)
Stlth    +.........             (no amulet)
HPRegen  0.08/turn              i - ring of resist corrosion
MPRegen  0.10/turn              (no ring)

@: no status effects
A: permanent stasis, dig shafts and tunnels, four strong arms, antennae 3
a: Dig, Shaft Self


You were on level 6 of the Dungeon.
You were hungry.

You visited 1 branch of the dungeon, and saw 6 of its levels.

You collected 35 gold pieces.

Inventory:

Hand Weapons
 d - a +0 spear (weapon)
Armour
 a - a +0 robe
 j - a +0 ring mail (worn)
Jewellery
 i - a ring of resist corrosion (left hand)
Scrolls
 e - a scroll of identify {unknown}
 k - a scroll of magic mapping {unknown}
Potions
 f - a potion of degeneration {unknown}
 g - a potion of heal wounds {unknown}
 h - a potion of cancellation {unknown}
 l - a potion of lignification {unknown}
Books
 b - a book of Necromancy

   Spells                             Type                      Level
   a - Pain                           Necromancy                   1
   b - Animate Skeleton               Necromancy                   1
   c - Vampiric Draining              Necromancy                   3
   d - Regeneration                   Charms/Necromancy            3
   e - Animate Dead                   Necromancy                   4
   f - Borgnjor's Vile Clutch         Necromancy/Earth             5
Comestibles
 c - 2 rations
 m - 2 chunks of flesh


   Skills:
 - Level 1.7 Dodging
 - Level 2.4 Stealth
 + Level 2.7 Spellcasting
 * Level 4.6 Necromancy


You had 3 spell levels left.
You knew the following spells:

 Your Spells              Type           Power        Failure   Level  Hunger
a - Pain                  Necr           ###.         7%          1    #......
b - Vampiric Draining     Necr           ###.......   21%         3    ###....


Dungeon Overview and Level Annotations

Branches:
Dungeon (6/15)
 Temple: D:4-7

Altars:
Fedhas
Wu Jian

Shops:
D:4 :


Innate Abilities, Weirdness & Mutations

You cannot be hasted, slowed, berserked, paralysed or teleported.
You can dig through walls and to a lower floor.
Your four strong arms can wield two-handed weapons with a shield.
You have a pair of large antennae on your head. (SInv)


Message History

You fall through a shaft!
The shaft crumbles and collapses.
A sky beast and a quasit come into view.
The quasit gives a chilling moan.
The sky beast closely misses you.
The sky beast hits you but does no damage.
Unknown command.
Casting: Vampiric Draining
Confirm with . or Enter, or press ? or * to list all spells.
Aiming: Vampiric Draining
Press: ? - help, Shift-Dir - straight line, f - sky beast
Aim: a sky beast The sky beast is moderately wounded.
You feel life coursing into your body. The sky beast closely misses you.
Are you sure you want to shaft yourself?
You are feeling hungry.
The sky beast hits you.
* * * LOW HITPOINT WARNING * * *
The sky beast shocks you.
You die...

######### # #..5Y@..#
###### #.#####.# ....#
#.# ...(.. #.### .#
#.###### ##...# # #.#
... ######....###.# .# #
#.##.#.##......_......#
#.#
####<...#....###....####
#.# ......#####.##
#...## #.#


You could see a sky beast and a quasit.

Vanquished Creatures
  An adder (D:6)
  An orc (D:4)
  A giant cockroach (D:4)
  A goblin (D:3)
  2 hobgoblins
  4 jackals (D:5)
  A quokka (D:4)
  A leopard gecko skeleton (D:4)
  A rat (D:2)
13 creatures vanquished.

Notes
Turn   | Place    | Note
-------+----------+-------------------------------------------
     0 | D:1      | 4thArraOfDagon the Formicid Necromancer began the quest for the Orb.
     0 | D:1      | Reached XP level 1. HP: 13/13 MP: 3/3
   158 | D:3      | You fall through a shaft for 3 floors!
   183 | D:6      | Found an ornate altar of the Wu Jian Council.
   228 | D:6      | Reached XP level 2. HP: 16/19 MP: 0/5
   235 | D:5      | Entered Level 5 of the Dungeon
   303 | D:4      | Reached XP level 3. HP: 10/24 MP: 2/6
   308 | D:4      | Learned a level 3 spell: Vampiric Draining
   373 | D:4      | Found Jucueryss's Book Emporium.
   451 | D:4      | Found a blossoming altar of Fedhas.
   461 | D:4      | You fall through a shaft!
   463 | D:5      | You fall through a shaft!
   463 | D:6      | Noticed a sky beast
   465 | D:6      | Slain by a sky beast

Action                   || total
-------------------------++-------
Melee: Spear             ||    46
 Cast: Pain              ||    12
       Vampiric Draining ||     2
 Abil: Dig               ||     3
       Shaft Self        ||     3
  Use: Scroll            ||     2
 Stab: Sleeping          ||     2
Armor: Ring mail         ||    18
       Robe              ||     2
Dodge: Dodged            ||    34
